TOP OF THE 1ST |
Sub League 1 All-Stars batting - Pitching for Sub League 2 All-Stars : RHP Josh Young
|
Pitching: RHP Josh Young
|
|
Batting: RHB Eric Thompson
|
0-0: Ball 1-0: Foul Ball, location: 2F 1-1: Foul Ball, location: 2F 1-2: Ball 2-2: Ball 3-2: Ground out 6-3 (Groundball, 6)
|
Batting: LHB Joel Nelson
|
0-0: Ball 1-0: Foul Ball, location: 2F 1-1: Ball 2-1: Ball 3-1: Base on Balls
|
Batting: LHB Juan Hernández
|
0-0: Fly out, F8 (Flyball, 8LM)
|
Batting: SHB Héctor Padilla
|
0-0: Ball 1-0: Called Strike 1-1: Ball 2-1: DOUBLE (Flyball, 8RXD) Joel Nelson to third Runner from 3rd tries for Home, SAFE, no throw or cutoff
|
Batting: RHB Orlando Márquez
|
0-0: Called Strike 0-1: Ground out 4-3 (Groundball, 34)
|
Top of the 1st over - 1 run(s), 1 hit(s), 0 error(s), 1 left on base; Sub League 1 1 - Sub League 2 0 |
BOTTOM OF THE 1ST |
Sub League 2 All-Stars batting - Pitching for Sub League 1 All-Stars : RHP Tomás Muñóz
|
Pitching: RHP Tomás Muñóz
|
|
Batting: SHB Emílio Calvillo
|
0-0: Called Strike 0-1: Ball 1-1: Foul Ball, location: 2F 1-2: Ball 2-2: Strikes out swinging
|
Batting: RHB Javier González
|
0-0: Foul Ball, location: 2F 0-1: Ball 1-1: Swinging Strike 1-2: SINGLE (Line Drive, 89S)
|
Batting: LHB John White
|
0-0: Called Strike Javier González is caught stealing 2nd base 0-1: Ball 1-1: Ball 2-1: Ball 3-1: Fly out, F6 (Popup, 56D)
|
Bottom of the 1st over - 0 run(s), 1 hit(s), 0 error(s), 0 left on base; Sub League 1 1 - Sub League 2 0 |
TOP OF THE 2ND |
Sub League 1 All-Stars batting - Pitching for Sub League 2 All-Stars : RHP Josh Young
|
Pitching: LHP Brian Hodges
|
|
Batting: LHB Brent Haynes
|
0-0: Called Strike 0-1: Foul Ball, location: 2F 0-2: Strikes out swinging
|
Batting: RHB Jorge Barbosa
|
0-0: Ground out 5-3 (Groundball, 5S)
|
Batting: RHB Carlos Rocha
|
0-0: Called Strike 0-1: Foul Ball, location: 2F 0-2: Fly out, F7 (Line Drive, 78S)
|
Top of the 2nd over - 0 run(s), 0 hit(s), 0 error(s), 0 left on base; Sub League 1 1 - Sub League 2 0 |
BOTTOM OF THE 2ND |
Sub League 2 All-Stars batting - Pitching for Sub League 1 All-Stars : RHP Tomás Muñóz
|
Pitching: RHP Miguel Reyes
|
|
Batting: RHB José Ortega
|
0-0: Called Strike 0-1: Ball 1-1: Ground out 4-3 (Groundball, 4)
|
Batting: RHB Kelly Graham
|
0-0: Ball 1-0: Called Strike 1-1: Fly out, F9 (Flyball, 89D)
|
Batting: RHB Jaime Rodríguez
|
0-0: Ball 1-0: Ball 2-0: SINGLE (Line Drive, 78S)
|
Batting: LHB Miguel Arteaga
|
0-0: Called Strike 0-1: Fly out, F9 (Flyball, 9D)
|
Bottom of the 2nd over - 0 run(s), 1 hit(s), 0 error(s), 1 left on base; Sub League 1 1 - Sub League 2 0 |
TOP OF THE 3RD |
Sub League 1 All-Stars batting - Pitching for Sub League 2 All-Stars : LHP Brian Hodges
|
Pitching: RHP Ryan Allen
|
|
Batting: RHB Ronald Smith
|
0-0: Called Strike 0-1: Swinging Strike 0-2: Foul Ball, location: 2F 0-2: Ball 1-2: Strikes out looking
|
Batting: RHB Eric Thompson
|
0-0: Foul Ball, location: 2F 0-1: Ball 1-1: Ball 2-1: Swinging Strike 2-2: Ball 3-2: Base on Balls
|
Batting: LHB Joel Nelson
|
0-0: Ball 1-0: Fly out, F7 (Flyball, 7M)
|
Batting: LHB Juan Hernández
|
0-0: Called Strike 0-1: SINGLE (Line Drive, 34) Eric Thompson to second Runner from 2nd tries for 3rd, OUT!
|
Top of the 3rd over - 0 run(s), 1 hit(s), 0 error(s), 1 left on base; Sub League 1 1 - Sub League 2 0 |
BOTTOM OF THE 3RD |
Sub League 2 All-Stars batting - Pitching for Sub League 1 All-Stars : RHP Miguel Reyes
|
Pitching: LHP Miguel Angel Meléndez
|
|
Batting: RHB William Wilson
|
0-0: Ball 1-0: Ball 2-0: Foul Ball, location: 2F 2-1: Ball 3-1: Called Strike 3-2: Foul Ball, location: 2F 3-2: Base on Balls
|
Batting: RHB James Hunter
|
0-0: Ball 1-0: Foul Ball, location: 2F 1-1: Foul Ball, location: 2F 1-2: Ball 2-2: Strikes out swinging
|
Batting: SHB Emílio Calvillo
|
0-0: Ball 1-0: Ball 2-0: Called Strike 2-1: Swinging Strike 2-2: Ball 3-2: Strikes out swinging
|
Batting: RHB Javier González
|
0-0: Ball 1-0: Ball William Wilson steals 2nd base 2-0: Called Strike 2-1: Ball 3-1: SINGLE (Line Drive, 56D) William Wilson to third
|
Pitching: RHP Diego Martínez
|
|
Batting: LHB John White
|
0-0: Called Strike 0-1: Ball 1-1: Ball 2-1: Ground out 4-3 (Groundball, 4)
|
Bottom of the 3rd over - 0 run(s), 1 hit(s), 0 error(s), 2 left on base; Sub League 1 1 - Sub League 2 0 |
TOP OF THE 4TH |
Sub League 1 All-Stars batting - Pitching for Sub League 2 All-Stars : RHP Ryan Allen
|
Pitching: RHP António Castaneda
|
|
Batting: SHB Héctor Padilla
|
0-0: Ball 1-0: Called Strike 1-1: Swinging Strike 1-2: SINGLE (Line Drive, 9S)
|
Batting: RHB Orlando Márquez
|
0-0: Ball 1-0: SINGLE (Line Drive, 56D) Héctor Padilla to second
|
Batting: LHB Brent Haynes
|
0-0: Hit by Pitch Héctor Padilla to third Orlando Márquez to second
|
Batting: RHB Jorge Barbosa
|
0-0: Ball 1-0: Ball 2-0: Fly out, F9 (Line Drive, 9M) Runner from 3rd tags up, SCORES, no throw
|
Batting: RHB Carlos Rocha
|
0-0: Ball 1-0: Called Strike 1-1: Ball 2-1: Foul Ball, location: 2F 2-2: Foul Ball, location: 2F Balk! Orlando Márquez to third Brent Haynes to second 2-2: Ball 3-2: Foul Ball, location: 2F 3-2: Foul Ball, location: 2F 3-2: Foul Ball, location: 2F 3-2: SINGLE (Flyball, 9LS) Orlando Márquez scores Brent Haynes to third
|
Pitching: LHP Ángel Gonzáles
|
|
Batting: RHB Ronald Smith
|
0-0: Fly out, F8 (Flyball, 8LM) Runner from 3rd tags up, SCORES, throw made
|
Batting: RHB Eric Thompson
|
0-0: Ball 1-0: Ball 2-0: Foul Ball, location: 2F 2-1: Ball 3-1: Fly out, F3 (Popup, 3F)
|
Top of the 4th over - 3 run(s), 3 hit(s), 0 error(s), 1 left on base; Sub League 1 4 - Sub League 2 0 |
BOTTOM OF THE 4TH |
Sub League 2 All-Stars batting - Pitching for Sub League 1 All-Stars : RHP Diego Martínez
|
Batting: RHB José Ortega
|
0-0: Foul Ball, location: 2F 0-1: Ball 1-1: Called Strike 1-2: Ball 2-2: Ground out 4-3 (Groundball, 4)
|
Batting: RHB Kelly Graham
|
0-0: Ball 1-0: Called Strike 1-1: Foul Ball, location: 2F 1-2: Strikes out looking
|
Pitching: LHP Nick Thornton
|
|
Batting: RHB Jaime Rodríguez
|
0-0: Ball 1-0: Called Strike 1-1: Fly out, F3 (Popup, 3F)
|
Bottom of the 4th over - 0 run(s), 0 hit(s), 0 error(s), 0 left on base; Sub League 1 4 - Sub League 2 0 |
TOP OF THE 5TH |
Sub League 1 All-Stars batting - Pitching for Sub League 2 All-Stars : LHP Ángel Gonzáles
|
Pinch Hitting: LHB Clinton O'Brien
|
0-0: Called Strike 0-1: Ball 1-1: Swinging Strike 1-2: Strikes out swinging
|
Pitching: LHP John Oliver
|
|
Batting: LHB Juan Hernández
|
0-0: Called Strike 0-1: Ball 1-1: Ball 2-1: Ball 3-1: Called Strike 3-2: Ground out 1-3 (Groundball, 15)
|
Batting: SHB Héctor Padilla
|
0-0: Ball 1-0: Ball 2-0: DOUBLE (Flyball, 9D)
|
Batting: RHB Jody Díaz
|
0-0: Called Strike 0-1: Ground out 2-3 (Groundball, 25)
|
Top of the 5th over - 0 run(s), 1 hit(s), 0 error(s), 1 left on base; Sub League 1 4 - Sub League 2 0 |
BOTTOM OF THE 5TH |
Sub League 2 All-Stars batting - Pitching for Sub League 1 All-Stars : LHP Nick Thornton
|
Now in LF: Clinton O'Brien
|
|
Batting: LHB Miguel Arteaga
|
0-0: Ball 1-0: Ball 2-0: Called Strike 2-1: Foul Ball, location: 2F 2-2: Foul Ball, location: 2F 2-2: Ball 3-2: Hit by Pitch
|
Batting: RHB William Wilson
|
0-0: Ball 1-0: Ball 2-0: Fielders Choice at 2nd, 1-6 (Groundball, 13)
|
Batting: RHB James Hunter
|
0-0: Grounds into double play, U4-3 (Groundball, 4)
|
Bottom of the 5th over - 0 run(s), 0 hit(s), 0 error(s), 0 left on base; Sub League 1 4 - Sub League 2 0 |
TOP OF THE 6TH |
Sub League 1 All-Stars batting - Pitching for Sub League 2 All-Stars : LHP John Oliver
|
Pinch Hitting: RHB Albert Cortéz
|
0-0: Called Strike 0-1: Ball 1-1: Foul Ball, location: 2F 1-2: Ball 2-2: Ball 3-2: Foul Ball, location: 2F 3-2: Foul Ball, location: 2F 3-2: Foul Ball, location: 2F 3-2: Base on Balls
|
Pitching: RHP Esteban Ramírez
|
|
Pinch Hitting: RHB Ricardo Rodríguez
|
0-0: Swinging Strike 0-1: SINGLE (Line Drive, 8LS) Albert Cortéz to second Runner from 2nd tries for 3rd, SAFE, throw made to third
|
Batting: RHB Carlos Rocha
|
0-0: Ball 1-0: Called Strike 1-1: Grounds into double play, U6-3 (Groundball, 6) Albert Cortéz scores
|
Pinch Hitting: RHB Wayne Carter
|
0-0: Called Strike 0-1: SINGLE (Groundball, 4MD)
|
Pinch Hitting: LHB Ralph Cobb
|
0-0: Swinging Strike 0-1: Ball 1-1: Ball 2-1: Foul Ball, location: 2F 2-2: Foul Ball, location: 2F 2-2: DOUBLE (Line Drive, 5L) Wayne Carter to third
|
Batting: LHB Clinton O'Brien
|
0-0: 3-RUN HOME RUN (Flyball, 89XD), Distance : 414 ft
|
Batting: LHB Juan Hernández
|
0-0: Called Strike 0-1: Called Strike 0-2: SINGLE (Groundball, 5D)
|
Pitching: RHP Bernardo Herrera
|
|
Pinch Hitting: RHB Joe Brinkman
|
0-0: SINGLE (Groundball, 56) Juan Hernández to second
|
Batting: RHB Jody Díaz
|
0-0: Called Strike 0-1: Ball 1-1: Foul Ball, location: 2F 1-2: Strikes out swinging
|
Top of the 6th over - 4 run(s), 6 hit(s), 0 error(s), 2 left on base; Sub League 1 8 - Sub League 2 0 |
BOTTOM OF THE 6TH |
Sub League 2 All-Stars batting - Pitching for Sub League 1 All-Stars : LHP Nick Thornton
|
Pitching: RHP Barry Mitchell
|
|
Now at C: Albert Cortéz
|
|
Now at 1B: Ricardo Rodríguez
|
|
Now at 2B: Art Cameron
|
|
Now at 3B: Wayne Carter
|
|
Now in RF: Ralph Cobb
|
|
Pinch Hitting: RHB Dennis House
|
0-0: Ball 1-0: Foul Ball, location: 2F 1-1: Foul Ball, location: 2F 1-2: Ball 2-2: Strikes out swinging
|
Pinch Hitting: LHB Jeff West
|
0-0: Ball 1-0: Foul Ball, location: 2F 1-1: Foul Ball, location: 2F 1-2: Ball 2-2: Foul Ball, location: 2F 2-2: Foul Ball, location: 2F 2-2: Ball 3-2: Strikes out swinging, 2-3 out at first.
|
Batting: LHB John White
|
0-0: Ball 1-0: Ball 2-0: Foul Ball, location: 2F 2-1: Swinging Strike 2-2: Ball 3-2: Base on Balls
|
Batting: RHB José Ortega
|
0-0: Foul Ball, location: 2F 0-1: Ball 1-1: Ball 2-1: Ball 3-1: Swinging Strike 3-2: SINGLE (Groundball, 56) John White to second John White to third
|
Pitching: RHP José Rivera
|
|
Batting: RHB Kelly Graham
|
0-0: Ball 1-0: Foul Ball, location: 2F 1-1: Foul Ball, location: 2F 1-2: Ball 2-2: Ball 3-2: Base on Balls José Ortega to second
|
Pinch Hitting: RHB Robert Koremans
|
0-0: Called Strike 0-1: Ball 1-1: Swinging Strike 1-2: Foul Ball, location: 2F 1-2: Ball 2-2: Fly out, F7 (Flyball, 7M)
|
Bottom of the 6th over - 0 run(s), 1 hit(s), 0 error(s), 3 left on base; Sub League 1 8 - Sub League 2 0 |
TOP OF THE 7TH |
Sub League 1 All-Stars batting - Pitching for Sub League 2 All-Stars : RHP Bernardo Herrera
|
Now at C: Robert Koremans
|
|
Now at SS: Dennis House
|
|
Now in LF: Jeff West
|
|
Batting: RHB Albert Cortéz
|
0-0: Ball 1-0: Ground out 6-3 (Groundball, 6)
|
Batting: RHB Ricardo Rodríguez
|
0-0: Ball 1-0: Swinging Strike 1-1: Foul Ball, location: 2F 1-2: Strikes out swinging
|
Pitching: LHP Robert Dotson
|
|
Batting: RHB Carlos Rocha
|
0-0: Ball 1-0: Foul Ball, location: 2F 1-1: Called Strike 1-2: SINGLE (Groundball, 5L)
|
Batting: RHB Wayne Carter
|
0-0: Ball 1-0: Called Strike 1-1: Ball 2-1: Ball 3-1: Foul Ball, location: 2F 3-2: Strikes out swinging
|
Top of the 7th over - 0 run(s), 1 hit(s), 0 error(s), 1 left on base; Sub League 1 8 - Sub League 2 0 |
BOTTOM OF THE 7TH |
Sub League 2 All-Stars batting - Pitching for Sub League 1 All-Stars : RHP José Rivera
|
Pinch Hitting: RHB Bob Lee
|
0-0: Ground out 4-3 (Groundball, 4M)
|
Pinch Hitting: RHB Alexander Barr
|
0-0: Called Strike 0-1: Called Strike 0-2: Foul Ball, location: 2F 0-2: Strikes out looking
|
Pitching: LHP Don MacKinlay
|
|
Pinch Hitting: RHB Gary Stephenson
|
0-0: Foul Ball, location: 2F 0-1: Foul Ball, location: 2F 0-2: Ball 1-2: Fly out, F4 (Line Drive, 4)
|
Bottom of the 7th over - 0 run(s), 0 hit(s), 0 error(s), 0 left on base; Sub League 1 8 - Sub League 2 0 |
TOP OF THE 8TH |
Sub League 1 All-Stars batting - Pitching for Sub League 2 All-Stars : LHP Robert Dotson
|
Now at 3B: Gary Stephenson
|
|
Now in CF: Bob Lee
|
|
Now in RF: Alexander Barr
|
|
Batting: LHB Ralph Cobb
|
0-0: Ball 1-0: Foul Ball, location: 2F 1-1: Ball 2-1: Swinging Strike 2-2: Strikes out swinging
|
Batting: LHB Clinton O'Brien
|
0-0: Ball 1-0: Foul Ball, location: 2F 1-1: Ball 2-1: Ball 3-1: SOLO HOME RUN (Line Drive, 7LD), Distance : 360 ft
|
Pitching: LHP Bernardo Valero
|
|
Batting: LHB Juan Hernández
|
0-0: SINGLE (Line Drive, 34D)
|
Batting: RHB Art Cameron
|
0-0: Ball 1-0: Ball 2-0: Ball 3-0: Called Strike 3-1: Base on Balls Juan Hernández to second
|
Batting: RHB Jody Díaz
|
0-0: SINGLE (Groundball, 6MD) Juan Hernández to third Art Cameron to second Runner from 3rd tries for Home, SAFE, no throw or cutoff
|
Batting: RHB Albert Cortéz
|
0-0: Swinging Strike 0-1: Swinging Strike 0-2: Ball 1-2: Ball 2-2: Ball 3-2: SINGLE (Line Drive, 89M) Art Cameron to third Jody Díaz to second Runner from 3rd tries for Home, SAFE, no throw or cutoff
|
Batting: RHB Ricardo Rodríguez
|
0-0: Ball 1-0: Ball 2-0: Swinging Strike 2-1: Called Strike 2-2: Ball 3-2: Strikes out looking
|
Batting: RHB Carlos Rocha
|
0-0: Ball 1-0: Called Strike 1-1: Foul Ball, location: 2F 1-2: Foul Ball, location: 2F 1-2: Ball 2-2: Strikes out swinging
|
Top of the 8th over - 3 run(s), 4 hit(s), 0 error(s), 2 left on base; Sub League 1 11 - Sub League 2 0 |
BOTTOM OF THE 8TH |
Sub League 2 All-Stars batting - Pitching for Sub League 1 All-Stars : LHP Don MacKinlay
|
Batting: RHB Dennis House
|
0-0: Ball 1-0: Ball 2-0: Foul Ball, location: 2F 2-1: Ball 3-1: Foul Ball, location: 2F 3-2: Foul Ball, location: 2F 3-2: Foul Ball, location: 2F 3-2: Ground out U3 (Groundball, 3S)
|
Batting: LHB Jeff West
|
0-0: Ball 1-0: Foul Ball, location: 2F 1-1: Foul Ball, location: 2F 1-2: Ball 2-2: Ball 3-2: Foul Ball, location: 2F 3-2: Strikes out swinging
|
Pitching: RHP Will Robinson
|
|
Pinch Hitting: LHB Roberto Rodríguez
|
0-0: Fly out, F9 (Flyball, 9LMF)
|
Bottom of the 8th over - 0 run(s), 0 hit(s), 0 error(s), 0 left on base; Sub League 1 11 - Sub League 2 0 |
TOP OF THE 9TH |
Sub League 1 All-Stars batting - Pitching for Sub League 2 All-Stars : LHP Bernardo Valero
|
Pitching: LHP Edgardo Reyes
|
|
Now in LF: Roberto Rodríguez
|
|
Pinch Hitting: RHB Wilfred Martin
|
0-0: Ball 1-0: Swinging Strike 1-1: Swinging Strike 1-2: Ground out 1-3 (Groundball, 15)
|
Batting: LHB Ralph Cobb
|
0-0: Ball 1-0: Ball 2-0: Ball 3-0: Base on Balls
|
Batting: LHB Clinton O'Brien
|
0-0: Ball Pickoff Throw to First - Out! 1-0: Called Strike 1-1: Ball 2-1: Swinging Strike 2-2: Strikes out swinging
|
Top of the 9th over - 0 run(s), 0 hit(s), 0 error(s), 0 left on base; Sub League 1 11 - Sub League 2 0 |
BOTTOM OF THE 9TH |
Sub League 2 All-Stars batting - Pitching for Sub League 1 All-Stars : RHP Will Robinson
|
Now at 3B: Fernando Borges
|
|
Batting: RHB Gustavo Medine
|
0-0: Swinging Strike 0-1: Ball 1-1: Called Strike 1-2: Ground out U3 (Groundball, 3)
|
Pinch Hitting: SHB José García
|
0-0: Ball 1-0: Called Strike 1-1: SOLO HOME RUN (Flyball, 89XD), Distance : 408 ft
|
Batting: RHB Robert Koremans
|
0-0: Ball 1-0: Called Strike 1-1: Ball 2-1: Called Strike 2-2: Ball 3-2: Fly out, F5 (Line Drive, 5)
|
Pitching: LHP Tony Sandoval
|
|
Batting: RHB Bob Lee
|
0-0: Called Strike 0-1: Fly out, F8 (Flyball, 8LS)
|
Bottom of the 9th over - 1 run(s), 1 hit(s), 0 error(s), 0 left on base; Sub League 1 11 - Sub League 2 1 |
|